 Dungeon Crawl Stone Soup version 0.26.1 (webtiles) character file.

Game seed: 13869345482514703734

2848 Marvel the Thaumaturge (level 9, -10/39 HPs)
             Began as a Spriggan Venom Mage on Feb 7, 2021.
             Was a Priest of Vehumet.
             Killed from afar by Harold (12 damage)
             ... with a harpoon shot
             ... on level 8 of the Dungeon.
             The game lasted 00:25:36 (10070 turns).

Marvel the Thaumaturge (Spriggan Venom Mage)       Turns: 10070, Time: 00:25:36

Health: -10/39     AC:  3    Str:  4    XL:     9   Next: 46%
Magic:  21/23      EV: 10    Int: 20    God:    Vehumet [***...]
Gold:   353        SH:  0    Dex: 16    Spells: 6/26 levels left

rFire    + . .     SeeInvis +   r - +0 short sword
rCold    x . .     Faith    .   (shield restricted)
rNeg     . . .     Spirit   .   a - +0 robe
rPois    .         Reflect  .   (helmet restricted)
rElec    .         Harm     .   x - +0 cloak
rCorr    .         Rampage  .   (gloves unavailable)
Will     ++...                  (boots unavailable)
Stlth    +++.......             (no amulet)
HPRegen  0.13/turn              h - ring of fire
MPRegen  0.18/turn              q - ring of willpower

@: held, very quick
A: very small, unfitting armour, see invisible, speed 3
a: Renounce Religion


You were on level 8 of the Dungeon.
You worshipped Vehumet.
Vehumet was most pleased with you.
You visited 1 branch of the dungeon, and saw 8 of its levels.

You collected 353 gold pieces.

Inventory:

Hand Weapons
 r - a +0 short sword (weapon)
Missiles
 c - 8 atropa-tipped darts
 s - 3 boomerangs
 I - 8 poisoned darts
Armour
 a - a +0 robe (worn)
 x - a +0 cloak (worn)
Jewellery
 h - a ring of fire (left hand)
 q - a ring of willpower (right hand)
 D - an uncursed ring of fire
 H - an uncursed ring of ice
Wands
 v - a wand of random effects (14)
 B - a wand of flame (19)
 C - a wand of disintegration (11)
Scrolls
 e - a scroll of immolation {unknown}
 f - 4 scrolls of teleportation {unknown}
 g - 8 scrolls of identify {unknown}
 i - 5 scrolls of magic mapping {unknown}
 j - 6 scrolls of remove curse {unknown}
 k - 2 scrolls of enchant armour {unknown}
 l - a scroll of enchant weapon {unknown}
 m - 3 scrolls of noise {unknown}
 y - a scroll of random uselessness {unknown}
 G - a scroll of blinking {unknown}
Potions
 b - a potion of mutation {unknown}
 d - 2 potions of haste {unknown}
 n - 2 potions of lignification {unknown}
 o - 8 potions of heal wounds
 p - a potion of ambrosia {unknown}
 t - 2 potions of curing
 u - a potion of resistance {unknown}
 w - 2 potions of might {unknown}
 z - 2 potions of degeneration {unknown}
 A - 2 potions of attraction {unknown}
 E - 2 potions of berserk rage {unknown}
 F - 2 potions of cancellation {unknown}


   Skills:
 + Level 1.2 Short Blades
 + Level 4.7 Dodging
 + Level 4.1 Stealth
 + Level 9.3 Spellcasting
 + Level 0.1 Conjurations
 + Level 5.9 Transmutations
 + Level 0.7 Fire Magic
 + Level 4.9 Air Magic
 + Level 7.7 Poison Magic


You had 6 spell levels left.
You knew the following spells:

 Your Spells              Type           Power        Failure   Level
a - Sting                 Tmut/Pois      100%         1%          1
b - Poisonous Vapours     Pois/Air       68%          1%          2
c - Ignite Poison         Fire/Tmut/Pois 42%          1%          3
d - Mephitic Cloud        Conj/Pois/Air  26%          1%          3
e - Olgreb's Toxic Radia  Pois           40%          1%          4
f - Foxfire               Conj/Fire      64%          1%          1
g - Dazzling Flash        Conj/Hex       18%          6%          3
h - Inner Flame           Hex/Fire       16%          5%          3

Your spell library contained the following spells:

 Spells                   Type           Power        Failure   Level
 Corona                   Hex            10%          8%          1
 Slow                     Hex            9%           12%         2
 Portal Projectile        Hex/Tloc       18%          22%         3
 Cause Fear               Hex            4%           58%         4
 Leda's Liquefaction      Hex/Erth       4%           58%         4


Dungeon Overview and Level Annotations

Branches:
Dungeon (8/15)             Temple (0/1) D:7
   Lair: D:8-11

Altars:
Dithmenos
Hepliaklqana
Nemelex Xobeh
Ru
Vehumet
Wu Jian
Xom
Yredelemnul
Zin
The Shining One

Annotations:
D:8 Harold, Joseph


Innate Abilities, Weirdness & Mutations

You are very small and have problems with some larger weapons.
You are too small for most types of armour.
You have supernaturally acute eyesight. (SInv)
You cover ground extremely quickly.


Message History

You see here a throwing net.
You tear a large gash into the net.
You struggle against the net.
You rip the net and break free!
Harold points at you and mumbles some strange words.
You barely resist.
Harold throws a throwing net.
The throwing net hits you.
You become entangled in the net!
You see here a throwing net.
You struggle against the net.
You tear a large gash into the net.
You shred the net and break free!
Harold throws a throwing net.
The throwing net hits you.
You become entangled in the net!
You tear a large gash into the net.
You struggle against the net.
Joseph shoots a sling bullet.
The sling bullet hits you!
* * * LOW HITPOINT WARNING * * *
Harold fires a harpoon shot at you. The harpoon shot hits you!
You die...

#. #.# #.# #.# #.#
######### #.# #####
........#######.##.!..#..
.###.......[....@..@.....
........#................
.###......@..............
.#.........###########...
(#.#.#.....# ..
.#.........##
.#...##.....+
.#.........##..
.#...##..####.


You could see Harold and Joseph (poisoned).

Vanquished Creatures
  Pikel (D:4)
  Sigmund (D:4)
  Eustachio (D:5)
  2 orc warriors (D:7)
  A sky beast (D:6)
  A phantom (D:7)
  A lemure (D:4)
  A centaur (D:7)
  A big kobold (D:8)
  3 bullfrogs
  2 gnoll sergeants (D:5)
  4 killer bees (D:8)
  2 howler monkeys (D:5)
  A quasit (D:6)
  8 hounds
  3 orc wizards
  A bullfrog skeleton (D:7)
  2 orc priests (D:7)
  A jelly (D:1)
  2 iguanas
  Ijyb (D:4)
  Natasha (thrice) (D:3)
  3 worker ants
  Robin (D:4)
  9 gnolls (D:5)
  8 adders
  A shadow imp (D:8)
  A white imp (D:7)
  An ufetubus (D:7)
  An ooze (D:1)
  2 adder skeletons
  A worm (D:1)
  A dart slug (D:1)
  7 leopard geckos
  11 orcs
  2 ball pythons
  8 giant cockroaches
  12 goblins
  10 hobgoblins
  19 jackals
  12 kobolds
  3 quokkas
  4 bats
  4 frilled lizards
  11 rats
175 creatures vanquished.

Vanquished Creatures (others)
  61 foxfires
  A plant (D:7)
62 creatures vanquished.

Grand Total: 237 creatures vanquished

Notes
Turn   | Place    | Note
-------+----------+-------------------------------------------
     0 | D:1      | Marvel the Spriggan Venom Mage began the quest for the Orb.
     0 | D:1      | Reached XP level 1. HP: 9/9 MP: 5/5
     1 | D:1      | Found a runed translucent door.
     1 | D:1      | Noticed a jelly
   157 | D:1      | Reached XP level 2. HP: 9/13 MP: 2/6
   197 | D:1      | Learned a level 2 spell: Poisonous Vapours
   288 | D:1      | Reached skill level 3 in Spellcasting
   420 | D:1      | You fall into a shaft and drop 1 floor!
   420 | D:2      | Found a shimmering altar of Xom.
   420 | D:2      | Found a shimmering altar of Xom.
   420 | D:2      | Found a shimmering altar of Xom.
   420 | D:2      | Found a shimmering altar of Xom.
   420 | D:2      | Found a shimmering altar of Xom.
   742 | D:1      | You fall into a shaft and drop 1 floor!
  1149 | D:1      | Reached XP level 3. HP: 9/16 MP: 2/8
  1669 | D:1      | Reached XP level 4. HP: 21/21 MP: 0/10
  1834 | D:2      | Learned a level 3 spell: Ignite Poison
  2095 | D:2      | Found a glowing golden altar of the Shining One.
  2624 | D:2      | Reached skill level 4 in Spellcasting
  2813 | D:2      | Found a radiant altar of Vehumet.
  2905 | D:2      | Became a worshipper of Vehumet
  3068 | D:3      | Noticed Natasha
  3388 | D:3      | Found a basalt altar of Yredelemnul.
  3444 | D:3      | Found a shadowy altar of Dithmenos.
  3446 | D:3      | Found an ornate altar of the Wu Jian Council.
  3448 | D:3      | Found a sacrificial altar of Ru.
  3479 | D:3      | Killed Natasha
  3480 | D:3      | Reached XP level 5. HP: 24/24 MP: 5/12
  3703 | D:3      | Reached skill level 1 in Air Magic
  3811 | D:3      | Noticed Natasha
  3814 | D:3      | Killed Natasha
  4051 | D:3      | Noticed Natasha
  4054 | D:3      | Killed Natasha
  4102 | D:4      | Noticed Robin
  4514 | D:4      | Reached * piety under Vehumet
  4514 | D:4      | Offered knowledge of Magic Dart by Vehumet.
  4517 | D:4      | Killed Robin
  4590 | D:4      | You fall into a shaft and drop 2 floors!
  4597 | D:6      | Reached skill level 5 in Spellcasting
  4597 | D:6      | Reached XP level 6. HP: 28/28 MP: 6/14
  4828 | D:5      | Entered Level 5 of the Dungeon
  5247 | D:5      | Found a sparkling altar of Nemelex Xobeh.
  5322 | D:5      | Reached skill level 5 in Poison Magic
  5322 | D:5      | Reached XP level 7. HP: 32/32 MP: 0/16
  5617 | D:5      | Reached skill level 6 in Spellcasting
  5628 | D:5      | Reached ** piety under Vehumet
  5645 | D:5      | Offered knowledge of Foxfire by Vehumet.
  5653 | D:5      | Noticed Eustachio
  5696 | D:4      | Learned a level 3 spell: Mephitic Cloud
  5798 | D:5      | Killed Eustachio
  6385 | D:5      | Reached skill level 5 in Transmutations
  6396 | D:5      | Learned a level 4 spell: Olgreb's Toxic Radiance
  6648 | D:4      | Noticed Sigmund
  6663 | D:4      | Reached XP level 8. HP: 29/36 MP: 9/19
  6667 | D:4      | Killed Sigmund
  6668 | D:4      | Reached skill level 1 in Short Blades
  6668 | D:4      | Reached skill level 7 in Spellcasting
  6772 | D:4      | Noticed Ijyb
  6784 | D:4      | Killed Ijyb
  7102 | D:4      | Noticed Pikel
  7107 | D:4      | Killed Pikel
  7108 | D:4      | Reached skill level 8 in Spellcasting
  7651 | D:6      | Learned a level 1 spell: Foxfire
  8313 | D:7      | Reached XP level 9. HP: 32/39 MP: 18/22
  8782 | D:7      | Found a staircase to the Ecumenical Temple.
  8983 | D:7      | Found a hazy altar of Hepliaklqana.
  9232 | D:7      | Found a glowing silver altar of Zin.
  9295 | D:7      | Offered knowledge of Dazzling Flash by Vehumet.
  9363 | D:7      | Learned a level 3 spell: Dazzling Flash
  9506 | D:7      | Reached skill level 9 in Spellcasting
  9635 | D:7      | Learned a level 3 spell: Inner Flame
  9785 | D:8      | Noticed a two-headed ogre
  9876 | D:8      | Reached *** piety under Vehumet
 10031 | D:8      | Noticed Joseph
 10061 | D:8      | Noticed Harold
 10070 | D:8      | Killed from afar by Harold

Illustrated notes

Levels and vault maps discovered:
D:1:      dpeg_arrival_caged_fury, layout_basic, nrook_mini_backslash
D:2:      layout_basic, lemuel_coloured_pillars_altar,
          nicolae_overflow_crystal_walls, nicolae_overflow_hidden_temple,
          xom_redecorated
D:3:      layout_basic, yredelemnul_altar_generic, grunt_temple_overflow_open,
          uniq_natasha
D:4:      layout_rooms, uniq_robin, uniq_sigmund, uniq_ijyb, uniq_pikel
D:5:      layout_cave_pools, serial_gnoll_camp, gnoll_camp_mini_doghouse,
          gnoll_camp_mini_hut, gnoll_camp_mini_doghouse,
          gnoll_camp_mini_sergeant, grunt_decor_fettered,
          nemelex_xobeh_ov_fountains_minmay, uniq_eustachio
D:6:      layout_basic
D:7:      layout_loops_cross, lemuel_round_altar, zin_treasury,
          minmay_temple_entry_overgrown, kennysheep_generic_room_13
D:8:      layout_basic, lemuel_crystal_altar, erik_lair_island,
          grunt_ministairs_10, uniq_harold, uniq_joseph

Skill      XL: |  1  2  3  4  5  6  7  8  9 |
---------------+----------------------------+-----
Transmutations | 2 3 4 5 |  5.9
Spellcasting   | 3 4 5 6 8 9 |  9.3
Air Magic      | 1 2 4 |  4.9
Poison Magic   | 4 5 7 |  7.7
Short Blades   | 1 |  1.2
Stealth        | 4 |  4.1
Dodging        | 4 |  4.7
Conjurations   | |  0.1
Fire Magic     | |  0.7

Action                   |  1- 3 |  4- 6 |  7- 9 || total
-------------------------+-------+-------+-------++-------
Melee: Unarmed           |     6 |    11 |       ||    17
       Short sword       |       |    18 |   107 ||   125
 Cast: Sting             |    61 |    70 |   102 ||   233
       Poisonous Vapours |     5 |    62 |    89 ||   156
       Foxfire           |       |       |    35 ||    35
       Ignite Poison     |       |       |     1 ||     1
 Stab: Sleeping          |       |     2 |       ||     2
Armor: Robe              |     2 |     9 |    31 ||    42
Dodge: Dodged            |    14 |    80 |   221 ||   315
